 Dungeon Crawl Stone Soup version 0.31.0 (webtiles) character file.

Game seed: 9736685920800163677

4843 gelatine the Chopper (level 10, -8/76 HPs)
             Began as a Demonspawn Fighter on Jan 19, 2024.
             Was an Initiate of Qazlal.
             Killed by divine providence
             ... invoked by an orc priest
              (14 damage)
             ... on level 9 of the Dungeon.
             The game lasted 00:27:00 (10181 turns).

gelatine the Chopper (Demonspawn Fighter)          Turns: 10181, Time: 00:27:00

Health: -8/76      AC: 16    Str: 21    XL:     10   Next: 25%
Magic:  10/10      EV:  8    Int:  8    God:    Qazlal [......]
Gold:   82         SH: 15    Dex: 16    Spells: 9/9 levels left

rFire   . . .        a - +1 war axe
rCold   . . .        u - +0 tower shield
rNeg    . . .        D - +1 chain mail {rPois}
rPois   +            n - +1 helmet
rElec   +            w - +0 cloak
rCorr   +            (no gloves)
SInv    .            (no boots)
Will    .....        v - amulet "Daxzyax" {Acrobat rElec Dex+3} Stlth
                     k - ring of resist corrosion
HPRegen 0.32/turn    E - ring of Hyssec {Fly rElec}
MPRegen 0.12/turn

%: acrobat
@: flying
A: hooves 1, thin metallic scales 1, powered by pain 1, demonic magic 2
a: Renounce Religion


You were on level 9 of the Dungeon.
You worshipped Qazlal.
Qazlal was noncommittal.
You visited 2 branches of the dungeon, and saw 10 of its levels.
You also visited: Sewer.

You collected 528 gold pieces.
You spent 446 gold pieces at shops.

Inventory:

Hand Weapons
 a - a +1 war axe (weapon)
 j - a +4 sling
 p - a +0 hand axe
 x - a +0 war axe
Missiles
 y - a curare-tipped dart
Armour
 c - a +0 buckler
 h - the scarf of Zin's Regard {shadows, rN+}
   (You bought it in a shop on level 2 of the Dungeon)

   rN+:       It protects you from negative energy.
 l - the +0 ring mail of Spring Thaw {rF+++ Regen+ Int-4 Dex-2}
   (You found it on level 8 of the Dungeon)

   Int-4:     It affects your intelligence (-4).
   Dex-2:     It affects your dexterity (-2).
   rF+++:     It renders you almost immune to fire.
   Regen+:    It increases your rate of health regeneration.
 n - a +1 helmet (worn)
 u - a +0 tower shield (worn)
 w - a +0 cloak (worn)
 D - a +1 chain mail of poison resistance (worn)
Jewellery
 k - a ring of resist corrosion (left hand)
 v - the amulet "Daxzyax" (around neck) {Acrobat rElec Dex+3}
   (You found it on level 5 of the Dungeon)

   [amulet of the acrobat]

   Acrobat:   It increases your evasion while moving and waiting.
   Dex+3:     It affects your dexterity (+3).
   rElec:     It insulates you from electricity.
 z - a ring of poison resistance
 E - the ring of Hyssec (right hand) {Fly rElec}
   (You found it on level 6 of the Dungeon)

   [ring of flight]

   rElec:     It insulates you from electricity.
   Fly:       It grants you flight.
Wands
 o - a wand of flame (10) (quivered)
 C - a wand of paralysis (7)
Scrolls
 d - 2 scrolls of enchant weapon
 t - a scroll of enchant armour
 G - a scroll of noise
 H - 2 scrolls of poison
Potions
 e - 2 potions of magic
 f - 2 potions of invisibility
 g - 3 potions of resistance
 i - 2 potions of cancellation
 m - a potion of brilliance
 q - a potion of ambrosia
 r - 5 potions of lignification
 s - 3 potions of mutation
 B - 4 potions of haste
 F - a potion of enlightenment


   Skills:
 * Level 6.3 Fighting
 * Level 7.2 Axes
 - Level 2.0 Ranged Weapons
 + Level 1.2 Throwing
 * Level 5.8 Armour
 * Level 4.6 Dodging
 + Level 0.2 Stealth
 * Level 6.7 Shields
 * Level 4.8 Evocations


You had 9 spell levels left.
You didn't know any spells.
Your spell library contained the following spells:

 Spells                   Type           Power      Damage    Failure   Level
 Apportation              Tloc           0%         N/A       100%        1
 Necrotise                Necr           0%         1d4       100%        1
 Sandblast                Erth           0%         2d4       100%        1
 Sting                    Conj/Alch      0%         1d3       100%        1
 Summon Small Mammal      Summ           0%         N/A       100%        1
 Call Imp                 Summ           0%         N/A       100%        2
 Jinxbite                 Hex            0%         N/A       100%        2
 Scorch                   Fire           0%         2d5       100%        2
 Sublimation of Blood     Necr           0%         N/A       100%        2
 Passwall                 Erth           0%         N/A       100%        3
 Stone Arrow              Conj/Erth      0%         3d7       100%        3
 Brom's Barrelling Bould  Conj/Erth      0%         2d3       100%        4
 Flame Wave               Conj/Fire      0%         2d4       100%        4
 Yara's Violent Unravell  Hex/Alch       0%         3d3       100%        5
 Summon Cactus Giant      Summ           0%         N/A       100%        6
 Enfeeble                 Hex            0%         N/A       100%        7
 Summon Hydra             Summ           0%         N/A       100%        7


Dungeon Overview and Level Annotations

Branches:
Dungeon (9/15)             Temple (1/1) D:4           Sewer (visited)
   Lair: D:8-11         Orc: D:9-12

Altars:
Ashenzari
Cheibriados
Dithmenos
Fedhas
Gozag
Hepliaklqana
Kikubaaqudgha
Nemelex Xobeh
Okawaru
Qazlal
Ru
Trog
Uskayaw
Vehumet
Wu Jian
Xom
Yredelemnul

Shops:
D:2 *![*


Innate Abilities, Weirdness & Mutations

You have large cloven feet.
You are partially covered in thin metallic scales. (AC +2)
You sometimes gain a little power by taking damage.
Spells you cast may paralyse nearby enemies.


Message History

The orc priest calls down the wrath of Beogh upon you.
Beogh smites you!
* * * LOW HITPOINT WARNING * * *
You slash the orc priest!
You kill the orc priest!
Qazlal accepts your kill.
You barely miss the orc priest. You block the orc priest's attack.
The orc priest looks braver for a moment.
Unknown command.
You hit the orc priest.
You kick the orc priest, but do no damage.
The orc priest is almost dead.
The orc priest hits you but does no damage.
Unknown command.
You barely miss the orc priest. Your kick misses the orc priest.
The orc priest is almost dead.
You hit the orc priest but do no damage.
You hit the orc priest.
The orc priest hits you but does no damage. x3
The orc priest mumbles some strange prayers to Beogh against you.
Pain shoots through your body!
* * * LOW HITPOINT WARNING * * *
You block the orc priest's attack. The orc priest closely misses you.
Aiming: Paralyse
Press: ? - help, Q - select action, (/) - cycle Shift-Dir - straight line, f - orc priest
Aim: an orc priest, wielding a +0 flail (lightly wounded, chance to affect: 61%)
The orc priest resists with significant effort.
You block the orc priest's attack.
The orc priest begins to cast a cantrip, but forgets the words!
The orc priest invokes the aid of Beogh against you.
Pain shoots through your body!
* * * LOW HITPOINT WARNING * * *
Aiming: Paralyse
Press: ? - help, Q - select action, (/) - cycle Shift-Dir - straight line, f - orc priest, p - orc priest
Aim: an orc priest, wielding a +0 club (chance to affect: 61%)
The orc priest resists with significant effort.
The orc priest hits you but does no damage.
The orc priest calls down the wrath of Beogh upon you.
Beogh smites you!
You die...

##...###......
#...'_'.#####
##.).##### ##
##.....#
##.###.##)####
#8.#.#.8#.#
#.....##.#
#.ooo.#..#
#@###.##
#.....#
#######


You could see 3 orc priests.

Vanquished Creatures
  A two-headed ogre (D:8)
  A hornet (D:6)
  2 wraiths (D:9)
  2 steam dragons (D:8)
  2 water moccasins
  3 orc warriors (D:9)
  2 ice beasts (D:7)
  An ogre (D:6)
  4 centaurs
  2 crocodiles (Sewer)
  2 phantoms (D:7)
  2 kobold brigands
  2 bullfrogs
  2 scorpions
  2 gnoll sergeants
  15 killer bees
  7 howler monkeys
  A quasit (D:6)
  2 hounds (D:7)
  A jelly (D:5)
  4 orc priests (D:9)
  A sleepcap (D:5)
  An iguana (D:6)
  2 orc wizards (D:9)
  11 adders
  7 gnolls
  4 river rats
  A shadow imp (D:7)
  2 white imps
  4 dart slugs
  A ribbon worm (D:3)
  24 orcs
  7 ball pythons
  5 endoplasms
  6 giant cockroaches
  4 goblins
  6 hobgoblins
  5 jackals
  14 kobolds
  2 quokkas
  6 bats
  8 frilled lizards
  A goblin zombie (D:6)
  A hobgoblin zombie (D:6)
  2 kobold skeletons (D:6)
  6 kobold zombies (D:6)
  An orc skeleton (D:6)
  An orc zombie (D:6)
  5 rats
198 creatures vanquished.

Notes
Turn   | Place    | Note
-------+----------+-------------------------------------------
     0 | D:1      | gelatine the Demonspawn Fighter began the quest for the
                  | Orb.
     0 | D:1      | Reached XP level 1. HP: 18/18 MP: 1/1
   283 | D:1      | Gained mutation: You have large cloven feet. [demonic
                  | ancestry]
   283 | D:1      | Reached XP level 2. HP: 15/24 MP: 2/2
   605 | D:1      | Reached skill level 1 in Ranged Weapons
   856 | D:2      | Gained mutation: You sometimes gain a little power by
                  | taking damage. [demonic ancestry]
   856 | D:2      | Reached XP level 3. HP: 29/29 MP: 3/3
   912 | D:2      | Found an ornate altar of the Wu Jian Council.
   936 | D:2      | Found Piwyeji's General Store.
   961 | D:2      | Reached skill level 2 in Axes
  1097 | D:2      | Found Tommimidd's Antique Armour Boutique.
  1150 | D:2      | Found Buasiox's Distillery.
  1170 | D:2      | Found Fadyint's Assorted Antiques.
  1176 | D:2      | Bought a scroll labelled WOFFOK SUSU for 23 gold pieces
  1176 | D:2      | Bought a scroll labelled FOMAIBB KEOMU for 23 gold pieces
  1176 | D:2      | Bought a cyan potion for 20 gold pieces
  1176 | D:2      | Bought a scroll labelled AGRATEW IKHEI for 23 gold pieces
  1176 | D:2      | Bought a scroll labelled FOMAIBB KEOMU for 23 gold pieces
  1674 | D:3      | Found an opulent altar of Gozag.
  1708 | D:3      | Reached XP level 4. HP: 32/35 MP: 4/4
  1981 | D:3      | Found a broken altar of Ashenzari.
  2293 | D:3      | Noticed a glass eye
  2295 | D:3      | Found a faded altar of an unknown god.
  2298 | D:3      | Noticed a shining eye
  2298 | D:3      | Noticed a great orb of eyes
  2298 | D:3      | Noticed a great orb of eyes
  2707 | D:4      | Reached skill level 1 in Dodging
  2819 | D:4      | Noticed a scorpion
  2825 | D:4      | Killed a scorpion
  2826 | D:4      | Gained mutation: Spells you cast may paralyse adjacent
                  | enemies. [demonic ancestry]
  2826 | D:4      | Reached XP level 5. HP: 39/41 MP: 5/5
  2845 | D:4      | Reached skill level 3 in Axes
  2888 | D:4      | Found a glowing drain.
  2895 | Sewer    | Entered a sewer
  3075 | Sewer    | Noticed a crocodile
  3109 | Sewer    | Killed a crocodile
  3110 | Sewer    | Gained mutation: You are partially covered in thin metallic
                  | scales. (AC +2) [demonic ancestry]
  3110 | Sewer    | Reached XP level 6. HP: 13/48 MP: 6/6
  3326 | Sewer    | HP: 1/48 [crocodile (8)]
  3771 | Sewer    | Reached skill level 4 in Axes
  4143 | D:4      | Found a staircase to the Ecumenical Temple.
  4152 | Temple   | Entered the Ecumenical Temple
  4547 | D:2      | Bought a potion of curing for 39 gold pieces
  4547 | D:2      | Bought a potion of heal wounds for 65 gold pieces
  4765 | D:5      | Entered Level 5 of the Dungeon
  4990 | D:5      | Identified the amulet "Daxzyax" {Acrobat rElec Dex+3}
  5122 | D:5      | Reached XP level 7. HP: 51/54 MP: 7/7
  5494 | D:6      | Noticed a hornet
  5865 | D:6      | Identified the ring of Hyssec {Fly rElec}
  5889 | D:6      | Killed a hornet
  6099 | D:6      | Reached skill level 1 in Evocations
  6623 | D:6      | Found a sparkling altar of Nemelex Xobeh.
  6629 | D:6      | Gained mutation: Spells you cast may paralyse nearby
                  | enemies. [demonic ancestry]
  6629 | D:6      | Reached XP level 8. HP: 37/61 MP: 8/8
  6776 | D:7      | Reached skill level 5 in Axes
  6887 | D:7      | Reached skill level 5 in Shields
  6920 | D:7      | Reached skill level 5 in Fighting
  6920 | D:7      | Reached skill level 1 in Throwing
  6920 | D:7      | Reached skill level 5 in Armour
  7251 | D:7      | Reached XP level 9. HP: 65/68 MP: 9/9
  7504 | D:8      | Noticed a two-headed ogre
  7514 | D:8      | Killed a two-headed ogre
  7515 | D:8      | Reached skill level 6 in Axes
  7699 | D:8      | Found a basalt altar of Yredelemnul.
  7744 | D:8      | Found a hazy altar of Hepliaklqana.
  7907 | D:8      | Found a bloodstained altar of Trog.
  7936 | D:8      | Reached skill level 7 in Axes
  8113 | D:8      | Found a hide-covered altar of Uskayaw.
  8172 | D:8      | Found a blossoming altar of Fedhas.
  8178 | D:8      | Found a shadowy altar of Dithmenos.
  8179 | D:8      | Found a sacrificial altar of Ru.
  8179 | D:8      | Found an ornate altar of the Wu Jian Council.
  8195 | D:8      | Identified the +0 ring mail of Spring Thaw {rF+++ Regen+
                  | Int-4 Dex-2}
  8963 | D:2      | Bought an ichor-stained scarf for 230 gold pieces
  8963 | D:2      | Identified the scarf of Zin's Regard {shadows, rN+} (You
                  | bought it in a shop on level 2 of the Dungeon)
  9304 | D:9      | Reached XP level 10. HP: 66/76 MP: 10/10
 10050 | D:9      | Found a stormy altar of Qazlal.
 10054 | D:9      | Became a worshipper of Qazlal Stormbringer
 10181 | D:9      | Killed from afar by an orc priest

Illustrated notes

Levels and vault maps discovered:
D:1:      nzn_arrival_water_spiral, layout_basic,
          amcnicky_mini_rare_corridor_liquid
D:2:      layout_loops_ring, basic_altar, serial_shops, shop, shop,
          nicolae_shop_advertising_works [nicolae_subvault_shop_adworks],
          nicolae_shop_real_fake_doors, roderic_roman_lattice
D:3:      layout_basic, mainiacjoe_overflow_paths, cheibrodos_ashenzari_chains,
          serial_bayou, serial_bayou_crossing, serial_bayou_pond_a,
          serial_bayou_ford_a, serial_bayou_lagoon_a,
          hellmonk_ecumenical_altar_watching_god
D:4:      layout_gridville, minmay_temple_entry_slanted, gup_sewer_entry_bubbles
D:5:      layout_gridville, mainiacjoe_overflow_alcove_2
D:6:      layout_gridville, nicolae_tso_besieged_by_evil,
          nemelex_dance_club_becter
D:7:      layout_cave_pools, serial_column_ruins, column_ruins_pillar_3,
          column_ruins_pillar_1, column_ruins_pillar_2, column_ruins_pillar_3,
          column_ruins_pillar_6, column_ruins_pillar_6, column_ruins_pillar_6,
          column_ruins_pillar_7, column_ruins_pillar_4, column_ruins_pillar_1,
          column_ruins_pillar_2, column_ruins_pillar_5, column_ruins_pillar_3,
          column_ruins_pillar_1, column_ruins_pillar_7,
          hangedman_abyss_or_decor_lesser_grid
D:8:      layout_cave_pools, yredelemnul_altar_generic,
          mainiacjoe_overflow_tiny_flanked, nicolae_overflow_hidden_temple,
          nicolae_uskayaw_dance_hall, grunt_temple_overflow_open,
          chequers_serial_rivers_room_b, kennysheep_generic_room_2
D:9:      nicolae_cairo_tiling_large_dashed, layout_basic, kennysheep_mini,
          pf_guarded_unrand_meek
Temple:   nicolae_temple_stand_before_the_council

Skill      XL: |  1  2  3  4  5  6  7  8  9 |
---------------+----------------------------+-----
Ranged Weapons | 1 2 |  2.0
Axes           | 2 3 4 5 7 |  7.2
Shields        | 3 4 5 6 |  6.7
Armour         | 3 4 5 |  5.8
Dodging        | 1 2 3 4 |  4.6
Fighting       | 4 5 6 |  6.3
Evocations     | 1 2 4 |  4.8
Throwing       | 1 |  1.2
Stealth        | |  0.2

Action                     |  1- 3 |  4- 6 |  7- 9 | 10-12 || total
---------------------------+-------+-------+-------+-------++-------
  Melee: War axe           |    46 |   208 |   281 |    84 ||   619
         Kick              |     9 |    34 |    85 |    21 ||   149
   Fire: Sling             |    57 |       |       |       ||    57
  Throw: Boomerang         |       |    21 |    47 |     6 ||    74
  Evoke: Wand              |       |       |       |    20 ||    20
    Use: Scroll            |     4 |     8 |     8 |     2 ||    22
         Potion            |       |     4 |     5 |       ||     9
 Armour: Scale mail        |    60 |     4 |       |       ||    64
         Chain mail        |       |   155 |   367 |    84 ||   606
  Dodge: Dodged            |    32 |    83 |   119 |    44 ||   278
  Block: Buckler           |    30 |    45 |     7 |       ||    82
         Tower shield      |       |       |   452 |   115 ||   567
